 Dungeon Crawl Stone Soup version 0.31-a0-435-g2c6fae2916 (webtiles) character file.

Game seed: 1181042477025569572

88 Ethylacetat the Insei (level 4, -2/24 HPs)
             Began as a Vine Stalker Monk on Aug 1, 2023.
             Slain by a lemure (5 damage)
             ... led by Pikel
             ... on level 4 of the Dungeon.
             The game lasted 00:04:32 (2059 turns).

Ethylacetat the Insei (Vine Stalker Monk)           Turns: 2059, Time: 00:04:32

Health: -2/24      AC:  2    Str: 14    XL:     4   Next: 54%
Magic:  0/5        EV: 13    Int: 10    God:
Gold:   147        SH:  0    Dex: 18    Spells: 3/3 levels left

rFire   + .          .
                       - Unarmed
rCold   + . .        c - orb {light}
rNeg    . . .        a - +0 robe
rPois   +            (no helmet)
rElec   +            (no cloak)
rCorr   +            (no gloves)
SInv    .            (no boots)
Will    +....        (no amulet)
Stlth   +            (no ring)
HPRegen 1.04/turn    (no ring)
MPRegen 0.09/turn

%: guardian spirit
@: resistant, enlightened, flying, glowing
A: fangs 2, regeneration 1, magic shield, antimagic bite, no potion heal 2
a: no special abilities


You were on level 4 of the Dungeon.
You visited 1 branch of the dungeon, and saw 4 of its levels.

You collected 158 gold pieces.
You spent 11 gold pieces at shops.

Inventory:

Armour
 a - a +0 robe (worn)
 c - an orb of light (worn)
Jewellery
 i - a ring of flight
Scrolls
 e - 3 scrolls of identify {unknown}
 h - a scroll of blinking {unknown}
 j - a scroll of noise {unknown}
 k - a scroll of teleportation {unknown}
Potions
 d - a potion of enlightenment
 f - 2 potions of heal wounds


   Skills:
 + Level 3.5 Fighting
 + Level 3.1 Dodging
 + Level 3.8 Unarmed Combat


You had 3 spell levels left.
You didn't know any spells.
Your spell library contained the following spells:

 Spells                   Type           Power      Damage    Failure   Level
 Summon Forest            Summ/Tloc      0%         N/A       100%        5
 Eringya's Noxious Bog    Tmut/Pois      0%         4d6       100%        6
 Summon Hydra             Summ           0%         N/A       100%        7


Dungeon Overview and Level Annotations

Branches:
Dungeon (4/15)
 Temple: D:4-7

Altars:
The Shining One

Shops:
D:2 !

Annotations:
D:4 Pikel


Innate Abilities, Weirdness & Mutations

You have extremely sharp teeth.
Your natural rate of healing is unusually fast.
When hurt, damage is shared between your health and your magic reserves.
Your bite disrupts and absorbs the magic of your enemies.
Potions cannot restore your health.


Message History

No target in view!
There is a stone staircase leading down here.
You climb downwards.
There is a stone staircase leading up here.
Found a stone staircase leading up.
No target in view!
No target in view!
A lemure comes into view.
The lemure shouts!
You hear a shout!
Pikel, Merchant of Souls comes into view.
He is wielding a +1 whip of flaming and carrying a wand of polymorph.
Pikel shouts!
A lemure comes into view. x2
A lemure comes into view.
The lemure shouts! x3
There are monsters nearby!
The lemure closely misses you.
A giant cockroach comes into view.
The lemure attacks as you move away! The lemure hits you!
The lemure attacks as you move away! The lemure hits you.
The lemure attacks as you move away! The lemure closely misses you.
It was a potion of cancellation.
You feel magically purged. The lemure hits you.
It was a potion of enlightenment.
You feel very buoyant.
You fly up into the air.
The lemure hits you!
It was a potion of heal wounds.
That seemed strangely inert.
The lemure barely misses you.
It was a potion of curing.
That felt strangely inert.
The lemure hits you.
* * * LOW HITPOINT WARNING * * *
Pikel says, "I just want to get paid!"
The giant cockroach waves its antennae.
It was a potion of resistance.
You feel protected. The lemure barely misses you.
You hit the lemure but do no damage. The lemure hits you!
* * * LOW HITPOINT WARNING * * *
You hit the lemure. You bite the lemure, but do no damage.
The lemure is lightly wounded.
The lemure hits you.
You die...

+.## +..# +..#
####### #..##.......
#...........
#.##........
######K.#........
###### ###
#...@55..........
.....#
#.###.####5.##.......
.###.# #...........#
....... .# #.#
#.##.#####..# .......
####.####.##.# #..#
.......
..........<#.# #..#
.......
####.####.##.# ...#
.......
........#.##.# #.##
....###
#########.##.#


You could see Pikel and 3 lemures.

Vanquished Creatures
  A white imp (D:3)
  2 worms (D:3)
  2 orcs
  5 endoplasms
  3 giant cockroaches
  4 goblins
  8 hobgoblins
  7 jackals (D:2)
  8 quokkas
  5 ball pythons
  4 bats (D:1)
  2 goblin skeletons (D:3)
  A goblin zombie (D:3)
  A kobold (D:1)
  3 kobold skeletons (D:3)
  A kobold zombie (D:3)
  An orc skeleton (D:3)
  An orc zombie (D:3)
  7 rats
66 creatures vanquished.

Notes
Turn   | Place    | Note
-------+----------+-------------------------------------------
     0 | D:1      | Ethylacetat the Vine Stalker Monk began the quest for the
                  | Orb.
     0 | D:1      | Reached XP level 1. HP: 11/11 MP: 2/2
   112 | D:1      | Reached XP level 2. HP: 16/16 MP: 3/3
   396 | D:1      | Reached XP level 3. HP: 19/20 MP: 2/4
   850 | D:2      | Found Huonn's Distillery.
   884 | D:2      | Bought a potion of degeneration for 11 gold pieces
  1168 | D:2      | Gained mutation: Your natural rate of healing is unusually
                  | fast. [Vine Stalker growth]
  1168 | D:2      | Reached XP level 4. HP: 18/24 MP: 3/5
  1248 | D:2      | You fall into a shaft and drop 2 floors!
  1403 | D:3      | Found a glowing golden altar of the Shining One.
  2044 | D:4      | Noticed a lemure
  2045 | D:4      | Noticed Pikel
  2045 | D:4      | Noticed a lemure
  2045 | D:4      | Noticed a lemure
  2046 | D:4      | Noticed a lemure
  2059 | D:4      | Slain by a lemure

Illustrated notes

Levels and vault maps discovered:
D:1:      noname_arrival_rooms_in_the_neighbourhood, layout_basic
D:2:      layout_rooms, serial_shops, shop, serial_bayou, serial_bayou_crossing,
          serial_bayou_shore_b, serial_bayou_ford_a, serial_bayou_pond_c,
          minmay_tromino_i4, uniq_jessica
D:3:      layout_loops_ring, nicolae_tso_besieged_by_evil, serial_glass,
          glass_columns_b, glass_columns_a, glass_columns_a, glass_columns_a,
          glass_columns_a, glass_columns_b, glass_columns_b, glass_columns_a,
          minmay_strange_pillars, item_on_display_a, st_stairs_6
D:4:      cheibrodos_fertilizer, layout_basic, uniq_pikel

Skill      XL: |  1  2  3 |
---------------+----------+-----
Fighting       | 3 |  3.5
Dodging        | 3 |  3.1
Unarmed Combat | |  3.8

Action                     |  1- 3 |  4- 6 || total
---------------------------+-------+-------++-------
  Melee: Unarmed           |   112 |    72 ||   184
         Bite              |    27 |    27 ||    54
    Use: Potion            |       |     5 ||     5
 Armour: Robe              |    12 |     8 ||    20
  Dodge: Dodged            |    73 |    33 ||   106

Table legend: (Time is in decaauts)
 A = Elapsed time spent in this place.
 B = Non-inter-level travel time spent in this place.
 C = Inter-level travel time spent in this place.
 D = Time resting spent in this place.
 E = Time spent auto-exploring this place.
 F = Levels seen in this place.
 G = Mean time per level.
                   A        B        C        D        E       F      G
               +--------+--------+--------+--------+--------+-----+--------+
         Total |   2055 |   2023 |     32 |      0 |   1646 |   4 |  513.8 |
       Dungeon |   2055 |   2023 |     32 |      0 |   1646 |   4 |  513.8 |
               +--------+--------+--------+--------+--------+-----+--------+

Top non-repeatable levels by time:
     D:1: 841 daAuts
     D:3: 709 daAuts
     D:2: 408 daAuts
     D:4: 96 daAuts
